 Seeded DCSS version 0.29.1 (webtiles) character file.

Game seed: 9708579739092153053 (custom seed)

1836 GigaChad the Carver (level 8, -7/71 HPs)
             Began as a Minotaur Fighter on Sept 14, 2022.
             Was an Initiate of Ashenzari.
             Mangled by a swamp worm (18 damage)
             ... on level 7 of the Dungeon.
             The game lasted 00:17:25 (6552 turns).

GigaChad the Carver (Minotaur Fighter)              Turns: 6552, Time: 00:17:26

Health: -7/71      AC: 13    Str: 22    XL:     8   Next: 87%
Magic:  7/7        EV: 11    Int:  5    God:    Ashenzari [......]
Gold:   694        SH:  5    Dex: 11    Spells: 7/7 levels left

rFire   . . .      SeeInvis .   p - +2 double sword (elec)
rCold   . . .      Faith    .   c - +0 buckler
rNeg    + . .      Spirit   .   h - +0 plate armour
rPois   .          Reflect  .   (helmet restricted)
rElec   +          Harm     .   (no cloak)
rCorr   .          Rampage  .   (no gloves)
Will    .....                   (no boots)
Stlth   ..........              (no amulet)
HPRegen 0.21/turn               o - ring of Doors {rElec rN+ EV+4 Slay+3}
MPRegen 0.10/turn               (no ring)

@: very slow
A: horns 2, retaliatory headbutt
a: Renounce Religion


You were on level 7 of the Dungeon.
You worshipped Ashenzari.
Ashenzari was noncommittal.
You visited 2 branches of the dungeon, and saw 8 of its levels.
You also visited: Sewer.

You collected 694 gold pieces.

Inventory:

Hand Weapons
 a - a +0 long sword
 l - the +7 mace of the Maze {spect, rPois Will+ Str+2}
   (You found it on level 2 of the Dungeon)

   When its wielder attacks, the weapon's spirit leaps out and strikes again.
   The spirit shares a part of any damage it takes with its wielder.
   Str:       It affects your strength (+2).
   rPois:     It protects you from poison.
   Will:      It increases your willpower.
 p - a +2 double sword of electrocution (weapon)
 w - a +0 rapier of venom
Missiles
 y - 8 poisoned darts (quivered)
 A - 2 atropa-tipped darts
Armour
 b - a +0 scale mail
 c - a +0 buckler (worn)
 h - a +0 plate armour (worn)
 u - the +1 robe of Dogmatism {rPois Int+2 Dex+4 Slay-2}
   (You found it on level 4 of the Dungeon)

   Int:       It affects your intelligence (+2).
   Dex:       It affects your dexterity (+4).
   Slay:      It affects your accuracy & damage with ranged weapons and melee
   (-2).
   rPois:     It protects you from poison.
Jewellery
 o - the ring of Doors (left hand) {rElec rN+ EV+4 Slay+3}
   (You acquired it on level 3 of the Dungeon)

   [ring of evasion]

   EV:        It affects your evasion (+4).
   Slay:      It affects your accuracy & damage with ranged weapons and melee
   (+3).
   rElec:     It insulates you from electricity.
   rN:        It protects you from negative energy.
Wands
 q - a wand of flame (4)
Scrolls
 j - 2 scrolls of teleportation
 k - 3 scrolls of noise
 m - 3 scrolls of fear
 n - 7 scrolls of identify
 v - 2 scrolls of blinking
 x - 3 scrolls of magic mapping
Potions
 d - a potion of might
 e - 2 potions of haste {unknown}
 f - a potion of curing
 g - 3 potions of heal wounds
 i - 2 potions of brilliance {unknown}
 r - a potion of flight {unknown}
 s - a potion of degeneration {unknown}
 t - a potion of resistance {unknown}
 z - 2 potions of lignification {unknown}
 B - a potion of attraction {unknown}


   Skills:
 + Level 6.9 Fighting
 + Level 9.7 Long Blades
 + Level 1.7 Maces & Flails
 + Level 7.3 Armour
 + Level 1.7 Dodging
 + Level 0.5 Stealth
 + Level 5.2 Shields


You had 7 spell levels left.
You didn't know any spells.
Your spell library contained the following spells:

 Spells                   Type           Power      Damage    Failure   Level
 Necrotise                Necr           0%         1d4       100%        1
 Vampiric Draining        Necr           0%         2d6       100%        3
 Agony                    Necr           0%         N/A       100%        5


Dungeon Overview and Level Annotations

Branches:
Dungeon (7/15)             Temple (1/1) D:6           Sewer (visited)

Altars:
Ashenzari
Dithmenos
Elyvilon
Fedhas
Gozag
Hepliaklqana
Kikubaaqudgha
Makhleb
Nemelex Xobeh
Okawaru
Sif Muna
Trog
Vehumet
Xom
Yredelemnul
Zin
The Shining One

Annotations:
D:5 3 runed translucent doors, Econoterrorist's ghost, novice TrMo


Innate Abilities, Weirdness & Mutations

You have a pair of horns on your head.
You reflexively headbutt those who attack you in melee.


Message History

Found a quarterstaff.
Something bites the plant!
The plant begins to die.
The swamp worm moves out of view.
Found a shiny ring mail.
The swamp worm bites the plant!
A nearby plant withers and dies.
The swamp worm bites the plant!
The plant begins to die.
The swamp worm bites the plant! x2
The swamp worm bites the plant!!
The swamp worm bites the plant!
You enter the shallow water.
Moving in this stuff is going to be slow.
A nearby plant withers and dies.
You block the swamp worm's attack. x2
The swamp worm bites you.
You closely miss the swamp worm. The swamp worm bites you!
You block the swamp worm's attack.
Your unstable footing causes you to fumble your attack.
The swamp worm closely misses you. You furiously retaliate!
You headbutt the swamp worm!
Your unstable footing causes you to fumble your attack.
The swamp worm bites you.
You slash the swamp worm! You headbutt the swamp worm.
The swamp worm is almost dead.
The swamp worm bites you!
Your unstable footing causes you to fumble your attack.
The swamp worm bites you. The swamp worm bites you!
You closely miss the swamp worm.
The swamp worm is severely wounded.
The swamp worm closely misses you.
You miss the swamp worm.
The swamp worm is severely wounded.
The swamp worm bites you but does no damage.
You barely miss the swamp worm. Your headbutt misses the swamp worm.
The swamp worm is severely wounded.
The swamp worm bites you!
* * * LOW HITPOINT WARNING * * *
You barely miss the swamp worm. Your headbutt misses the swamp worm.
The swamp worm is severely wounded.
The swamp worm barely misses you. The swamp worm closely misses you.
Your unstable footing causes you to fumble your attack.
The swamp worm bites you!!
You die...

# ###. ... ###.#
##...####
#..~~~~~##
##.~~≈~≈~~#
##~@~~###~~~~###
#~~w###~## ~~.
#~~P#~~~~~ ≈~#
#~~~~~~~~) ~~#
#~~P#~~[~~##≈~#
#~~≈###~###~~~#
##~~~~###~~~~#
###~~≈~≈~~..#
##~~~~~..##


You could see a swamp worm.

Vanquished Creatures
  Grinder (D:6)
  Eustachio (D:6)
  A water moccasin (D:6)
  A sky beast (D:7)
  2 black bears (D:6)
  A phantom (D:6)
  A kobold brigand (D:5)
  A necrophage (D:5)
  4 scorpions
  2 jellies
  An orc priest (D:3)
  2 hounds
  3 iguanas
  5 orc wizards
  Robin (D:4)
  11 adders
  8 river rats (Sewer)
  An ufetubus (D:5)
  4 worms
  2 dart slugs
  15 orcs
  7 ball pythons
  4 bats
  5 endoplasms
  5 giant cockroaches
  18 goblins
  8 hobgoblins
  8 jackals
  4 quokkas
  10 frilled lizards
  19 kobolds
  13 rats
169 creatures vanquished.

Vanquished Creatures (others)
  81 plants
81 creatures vanquished.

Grand Total: 250 creatures vanquished

Notes
Turn   | Place    | Note
-------+----------+-------------------------------------------
     0 | D:1      | GigaChad the Minotaur Fighter began the quest for the Orb.
     0 | D:1      | Reached XP level 1. HP: 19/19 MP: 0/0
   580 | D:1      | Reached XP level 2. HP: 27/27 MP: 1/1
   644 | D:1      | Found a faded altar of an unknown god.
  1331 | D:2      | Reached XP level 3. HP: 20/33 MP: 2/2
  1848 | D:2      | Identified the +7 mace of the Maze {spect, rPois Will+
                  | Str+2}
  2394 | D:3      | Reached skill level 3 in Long Blades
  2407 | D:3      | Identified 3 scrolls of acquirement
  2407 | D:3      | Acquired the ring of Doors {rElec rN+ EV+4 Slay+3}
  2410 | D:3      | Acquired a +2 double sword of electrocution
  2413 | D:3      | Acquired 469 gold pieces
  2498 | D:3      | Reached XP level 4. HP: 29/40 MP: 3/3
  2501 | D:3      | Reached skill level 1 in Maces & Flails
  2524 | D:3      | Reached skill level 1 in Dodging
  2536 | D:3      | Reached skill level 5 in Armour
  2881 | D:4      | Reached XP level 5. HP: 10/46 MP: 4/4
  3251 | D:4      | Reached skill level 4 in Long Blades
  3384 | D:4      | Reached XP level 6. HP: 53/53 MP: 5/5
  3673 | D:4      | Noticed Robin
  3686 | D:4      | Killed Robin
  3793 | D:4      | Reached skill level 5 in Long Blades
  4001 | D:4      | Identified the +1 robe of Dogmatism {rPois Int+2 Dex+4
                  | Slay-2}
  4291 | D:5      | Entered Level 5 of the Dungeon
  4291 | D:5      | Noticed Econoterrorist's ghost (novice TrMo)
  4291 | D:5      | Found a runed translucent gate.
  4291 | D:5      | Found a runed translucent gate.
  4291 | D:5      | Found a runed translucent gate.
  4420 | D:5      | Reached skill level 6 in Long Blades
  4420 | D:5      | Reached XP level 7. HP: 57/60 MP: 6/6
  4424 | D:5      | Reached skill level 5 in Fighting
  4898 | D:5      | Reached skill level 7 in Long Blades
  5243 | D:6      | Reached XP level 8. HP: 70/70 MP: 7/7
  5259 | D:6      | Found a large runed translucent door.
  5260 | D:6      | Found a large runed translucent door.
  5270 | D:6      | Noticed Grinder
  5271 | D:6      | Found a basalt altar of Yredelemnul.
  5277 | D:6      | Killed Grinder
  5278 | D:6      | Reached skill level 8 in Long Blades
  5285 | D:6      | Reached skill level 5 in Shields
  5319 | D:6      | Noticed Eustachio
  5343 | D:6      | Killed Eustachio
  5506 | D:6      | Found a staircase to the Ecumenical Temple.
  5522 | Temple   | Entered the Ecumenical Temple
  5537 | Temple   | Became a worshipper of Ashenzari the Shackled
  5619 | D:6      | Found a glowing drain.
  5632 | Sewer    | Entered a sewer
  5712 | Sewer    | Reached skill level 9 in Long Blades
  6227 | D:6      | Found a radiant altar of Vehumet.
  6552 | D:7      | Mangled by a swamp worm

Illustrated notes

Levels and vault maps discovered:
D:1:      matt_arrival_spirals, layout_loops_ring,
          chequers_ecumenical_altar_island, chequers_serial_rivers_room_b,
          minmay_misc_feat_nine_boxes
D:2:      layout_basic, chequers_serial_rivers_small_3
D:3:      layout_loops_ring
D:4:      layout_loops_corners, kennysheep_generic_room_5, uniq_robin
D:5:      kennysheep_kobold_camp, layout_cave_pools,
          gammafunk_ghost_nasty_kobolds, nicolae_fountain_basement
D:6:      minmay_evil_eye, layout_loops_ring, jmf_multi_god_temple2,
          temple_statues, gup_sewer_entry_bubbles, uniq_grinder, uniq_eustachio
D:7:      layout_loops_ring, worms_lemuel, uniq_prince_ribbit1
Temple:   hellmonk_temple_two_chambers

Skill      XL: |  1  2  3  4  5  6  7  8 |
---------------+-------------------------+-----
Shields        | 4 5 |  5.2
Armour         | 4 5 6 7 |  7.3
Long Blades    | 3 4 6 7 9 |  9.7
Fighting       | 4 5 6 |  6.9
Maces & Flails | 1 |  1.7
Dodging        | 1 |  1.7
Stealth        | |  0.5

Action                   |  1- 3 |  4- 6 |  7- 9 || total
-------------------------+-------+-------+-------++-------
Melee: Long sword        |    57 |       |       ||    57
       Headbutt          |     4 |     6 |    19 ||    29
       Mace              |    14 |       |       ||    14
       Double sword      |     8 |    82 |   175 ||   265
  Use: Scroll            |     9 |     1 |     1 ||    11
Armor: Scale mail        |    57 |       |       ||    57
       Plate armour      |    17 |    53 |    98 ||   168
Dodge: Dodged            |    62 |    55 |    88 ||   205
Block: Buckler           |    25 |    32 |    40 ||    97
